[Event "Saturday 21 April Rapid Engine Tour 12+1 Rounds 9 Starts 1600ST"]
[Site "Infinity Chess"]
[Date "2018.4.21"]
[Round "5"]
[White "Deep_Impact"]
[Black "IronMan"]
[Result "1/2-1/2"]
[ECO "C55"]
[WhiteElo "2437"]
[BlackElo "2450"]
[WhiteEngine "BrainFish_180411_x64_bmi2"]
[BlackEngine "Eman 170b23-EXP2"]
[EventType "Swiss"]
[WhiteTeam ""]
[BlackTeam ""]
[PlyCount "128"]
[TimeControl "720+1"]

1. e4 e5 2. Nf3 Nc6 3. Bc4 Nf6 4. d3 Bc5 5. c3 d6 6. O-O a5 7. Bg5 h6 8. Bh4 g5 
9. Bg3 O-O 10. a4 Kg7 11. Na3 Be6 12. Bxe6 fxe6 13. h4 gxh4 14. Bxh4 Qe8 
15. d4 Ba7 16. dxe5 dxe5 17. Nc4 Nxe4 18. Nfxe5 Rf4 19. g4 h5 20. Qd3 hxg4 
21. Rae1 Rd8 22. Rxe4 Nxe5 23. Nxe5 Rxd3 24. Rxf4 Qh5 25. Rxg4+ Kh7 26. Re1 Bc5 
27. Ree4 Rd5 28. Nf3 Qf5 29. Kg2 e5 30. Bg3 Bd6 31. Rh4+ Kg6 32. Bxe5 Bxe5 
33. c4 Bd6 34. cxd5 Qxd5 35. Reg4+ Kf6 36. Rh6+ Ke7 37. Rh7+ Kf8 38. b3 Qxb3 
39. Rh8+ Ke7 40. Rh7+ Kf6 41. Rh6+ Kf7 42. Rh8 Qd5 43. Rh7+ Kf6 44. Rh6+ Kf7 
45. Rh8 Qf5 46. Rh7+ Kf8 47. Rgg7 b6 48. Ng5 Qd5+ 49. Kg1 Qd1+ 50. Kg2 Qg4+ 
51. Kf1 Qd1+ 52. Kg2 Qg4+ 53. Kf1 b5 54. Rf7+ Kg8 55. Rfg7+ Kf8 56. axb5 Ke8 
57. Rg8+ Bf8 58. Rhh8 Kd7 59. Rxf8 Qxg5 60. Rd8+ Qxd8 61. Rxd8+ Kxd8 62. Ke2 Kc8 
63. Kd3 a4 64. Kc4 c6 1/2-1/2

[Event "Saturday 21 April Rapid Engine Tour 12+1 Rounds 9 Starts 1600ST"]
[Site "Infinity Chess"]
[Date "2018.4.21"]
[Round "5"]
[White "Eman"]
[Black "Thinker"]
[Result "1/2-1/2"]
[ECO "C50"]
[WhiteElo "2466"]
[BlackElo "2449"]
[WhiteEngine "Eman 1.70-beta24 64-bit POPCNT"]
[BlackEngine "BrainFish_180411_x64_modern_CTG"]
[EventType "Swiss"]
[WhiteTeam ""]
[BlackTeam ""]
[PlyCount "104"]
[TimeControl "720+1"]

1. e4 e5 2. Nf3 Nc6 3. Bc4 Bc5 4. O-O Nf6 5. Re1 O-O 6. d3 d6 7. c3 a6 8. a4 Ng4 
9. Re2 Ba7 10. h3 Nf6 11. Re1 h6 12. b4 Ne7 13. Nbd2 Ng6 14. d4 Re8 15. b5 Be6 
16. Bxe6 Rxe6 17. bxa6 bxa6 18. Qc2 Rb8 19. Nf1 exd4 20. Nxd4 Bxd4 21. cxd4 Rb4 
22. Rb1 Rxb1 23. Qxb1 Qe8 24. Ng3 d5 25. e5 Qxa4 26. Bxh6 gxh6 27. exf6 Rxe1+ 
28. Qxe1 Qxd4 29. Qe8+ Nf8 30. Nf5 Qa1+ 31. Kh2 Qxf6 32. g4 d4 33. Kg2 d3 
34. Ne7+ Kg7 35. Qd8 Qf4 36. Nf5+ Kg8 37. Ne7+ Kg7 38. Nf5+ Kg8 39. Qxd3 Ne6 
40. Qxa6 Qe4+ 41. f3 Qe1 42. Qa8+ Kh7 43. Qe4 Qxe4 44. fxe4 c5 45. Nd6 Kg6 
46. h4 Nd4 47. Kf2 h5 48. gxh5+ Kxh5 49. Nxf7 Kxh4 50. Ne5 Kh5 51. Nd3 c4 
52. Nf4+ Kg5 1/2-1/2

[Event "Saturday 21 April Rapid Engine Tour 12+1 Rounds 9 Starts 1600ST"]
[Site "Infinity Chess"]
[Date "2018.4.21"]
[Round "5"]
[White "Time_bandit"]
[Black "MarioDeMonti"]
[Result "1/2-1/2 "]
[ECO "C65"]
[WhiteElo "2459"]
[BlackElo "2475"]
[WhiteEngine "asmFishW_2018-04-11_bmi2"]
[BlackEngine "stockfish_x64_bmi2_2018_02_18_CTG"]
[EventType "Swiss"]
[WhiteTeam ""]
[BlackTeam ""]
[PlyCount "262"]
[TimeControl "720+1"]

1. e4 e5 2. Nf3 Nc6 3. Bb5 Nf6 4. O-O Nxe4 5. d4 Nd6 6. Bxc6 dxc6 7. dxe5 Nf5 
8. Qxd8+ Kxd8 9. Nc3 Bd7 10. Rd1 Kc8 11. Ng5 Be8 12. Rd3 b6 13. a4 a5 14. b3 Kb7 
15. Bb2 h6 16. Nge4 c5 17. Nb5 Bc6 18. Re1 Re8 19. Kf1 Re7 20. Nec3 g5 
21. Nd5 Bxd5 22. Rxd5 Bg7 23. g3 Rhe8 24. f4 gxf4 25. gxf4 Kc6 26. c4 h5 
27. Kf2 Bh6 28. Bc1 Kb7 29. Red1 Kc8 30. R1d3 Nh4 31. Bd2 Ng6 32. Rf3 Bg7 
33. Nc3 f6 34. exf6 Bxf6 35. Rxh5 Rf7 36. Nd5 Bb2 37. Rh6 Bd4+ 38. Kf1 Nf8 
39. f5 Nd7 40. h4 Ne5 41. Rf4 Rg8 42. Rg6 Rgf8 43. Rg5 Nd7 44. Kg2 Re8 
45. Kh3 c6 46. Nc3 Nf6 47. Rg2 Rfe7 48. Rf3 Kd7 49. Nd1 Ne4 50. Be3 Rf7 
51. Rg4 Ree7 52. Bxd4 cxd4 53. Nf2 Nxf2+ 54. Rxf2 Re3+ 55. Kg2 c5 56. h5 Rf6 
57. Rg3 Re1 58. Rg6 Ke7 59. Kg3 Kf7 60. Rf4 Rd1 61. Kg4 d3 62. Rf2 Rg1+ 
63. Kf4 Rh1 64. Kg4 Rg1+ 65. Kf4 Rh1 66. Rfg2 Rf1+ 67. Ke4 R6xf5 68. Kxd3 Rxh5 
69. Rxb6 Rc1 70. Rg3 Rh4 71. Rf3+ Ke7 72. Re3+ Kd7 73. Rb5 Kc6 74. Rxa5 Rhh1 
75. Ra8 Kb7 76. Ra5 Kc6 77. Ra8 Kb7 78. Rf8 Rcd1+ 79. Ke4 Rd4+ 80. Ke5 Kc7 
81. Ra8 Kb7 82. Ra5 Kc6 83. Kf5 Rf1+ 84. Ke6 Rh1 85. Re5 Rd6+ 86. Ke7 Rd7+ 
87. Kf6 Rd6+ 88. Ke7 Rd7+ 89. Kf6 Rd6+ 90. Kg5 Rg1+ 91. Kh5 Rh1+ 92. Kg4 Rg1+ 
93. Kf3 Rf6+ 94. Ke2 Rg2+ 95. Kd3 Rg3+ 96. Re3 Rd6+ 97. Ke2 Rg2+ 98. Kf3 Rdd2 
99. Rb5 Rgf2+ 100. Kg3 Rg2+ 101. Kf4 Rdf2+ 102. Ke4 Rd2 103. Kf4 Rdf2+ 
104. Rf3 Re2 105. Rb8 Kc7 106. Rf8 Rg7 107. Rh3 Rf2+ 108. Rf3 Re2 109. Rf6 Re1 
110. Kf5 Re2 111. Rf8 Kb7 112. Kf6 Rge7 113. Rf7 Rxf7+ 114. Kxf7 Kb6 
115. Kf8 Re6 116. Kg7 Re1 117. Kg6 Rg1+ 118. Kf5 Ka5 119. Rh3 Kb4 120. Ke4 Rg4+ 
121. Kf5 Rg2 122. Rf3 Rg8 123. Rd3 Rh8 124. Re3 Rf8+ 125. Kg4 Rg8+ 126. Kh4 Rg1 
127. Rd3 Ra1 128. Kg4 Rb1 129. Rh3 Rg1+ 130. Kf5 Re1 131. Rf3 Rh1 1/2-1/2

[Event "Saturday 21 April Rapid Engine Tour 12+1 Rounds 9 Starts 1600ST"]
[Site "Infinity Chess"]
[Date "2018.4.21"]
[Round "5"]
[White "SkyPilot"]
[Black "Susanne"]
[Result "1/2-1/2"]
[ECO "E15"]
[WhiteElo "2476"]
[BlackElo "2517"]
[WhiteEngine "stockfish_x64_bmi2_2018_04_07_CTG"]
[BlackEngine "stockfish_jvv01_x64_bmi2_CTG"]
[EventType "Swiss"]
[WhiteTeam ""]
[BlackTeam ""]
[PlyCount "147"]
[TimeControl "720+1"]

1. d4 Nf6 2. c4 e6 3. Nf3 b6 4. g3 Be7 5. Bg2 Bb7 6. O-O O-O 7. Nc3 Ne4 
8. Bd2 d5 9. cxd5 exd5 10. Qa4 Qd7 11. Qc2 Nxd2 12. Qxd2 Qe6 13. Ng5 Qd7 
14. Rad1 Na6 15. Rfe1 Rad8 16. e4 dxe4 17. Bxe4 Bxe4 18. Rxe4 c5 19. Qf4 Bxg5 
20. Qxg5 Rfe8 21. Rxe8+ Qxe8 22. d5 Nc7 23. Qf4 Qd7 24. Kg2 h6 25. b4 cxb4 
26. Qxb4 Ne8 27. a4 Nd6 28. Rd4 Re8 29. Nb5 Nf5 30. Rd1 Rc8 31. Qb3 Rc5 
32. Qd3 a6 33. Nc3 Nh4+ 34. gxh4 Rxc3 35. Qxc3 Qg4+ 36. Qg3 Qxd1 37. Qb8+ Kh7 
38. d6 a5 39. f3 Qd2+ 40. Kg3 Qe3 41. h5 Qc5 42. Qc7 Qg1+ 43. Kh3 Qf1+ 
44. Kg3 Qg1+ 45. Kf4 Qd4+ 46. Kf5 Qd5+ 47. Kg4 Qg5+ 48. Kh3 Qxh5+ 49. Kg2 Qg5+ 
50. Kf1 Qg6 51. Ke2 Qe6+ 52. Kf2 Qe5 53. h3 Qg5 54. Qxb6 Qf4 55. Qb1+ Kh8 
56. Qd3 Qh2+ 57. Ke1 Qg1+ 58. Kd2 Qg5+ 59. f4 Qxf4+ 60. Ke1 Qe5+ 61. Kd1 Qh5+ 
62. Kc1 Qc5+ 63. Kb1 Qb6+ 64. Ka1 Qg1+ 65. Ka2 Qf2+ 66. Ka1 Qf6+ 67. Kb1 Qf4 
68. h4 Qxa4 69. d7 Qb4+ 70. Ka1 Qa4+ 71. Kb1 Qb4+ 72. Ka1 Qe1+ 73. Kb2 Qb4+ 
74. Ka1 1/2-1/2

[Event "Saturday 21 April Rapid Engine Tour 12+1 Rounds 9 Starts 1600ST"]
[Site "Infinity Chess"]
[Date "2018.4.21"]
[Round "5"]
[White "Marsell"]
[Black "KQRBNP"]
[Result "1/2-1/2"]
[ECO "C53"]
[WhiteElo "2483"]
[BlackElo "2379"]
[WhiteEngine "BrainFish_180418_x64_bmi2"]
[BlackEngine "Eman 1.70-beta24 64-bit POPCNT"]
[EventType "Swiss"]
[WhiteTeam ""]
[BlackTeam ""]
[PlyCount "120"]
[TimeControl "720+1"]

1. e4 e5 2. Nf3 Nc6 3. Bc4 Bc5 4. c3 Nf6 5. d3 d6 6. O-O a5 7. Bg5 h6 8. Bh4 O-O 
9. a4 g5 10. Bg3 Kg7 11. Nbd2 g4 12. Nh4 Nh5 13. Bb5 Qg5 14. Nc4 Be6 
15. Bxc6 bxc6 16. Nxa5 Rxa5 17. b4 Bxb4 18. cxb4 Ra6 19. d4 Nxg3 20. hxg3 exd4 
21. Qxd4+ Kg8 22. Nf5 Rfa8 23. a5 Bxf5 24. exf5 Qxf5 25. Qd2 Qg5 26. Qe1 Qe5 
27. Qxe5 dxe5 28. Rfc1 Rb8 29. Rc4 Kf8 30. Kf1 f6 31. Rxg4 c5 32. bxc5 Rb5 
33. c6 Raxa5 34. Rxa5 Rxa5 35. Rg6 Kf7 36. Rxh6 Kg7 37. Rh2 Ra6 38. Rh4 Rxc6 
39. Ke2 Rc2+ 40. Ke3 c5 41. Rh2 Rc3+ 42. Kd2 Ra3 43. Rh1 c4 44. g4 c3+ 
45. Kd3 Ra2 46. f3 Rxg2 47. Kxc3 Rf2 48. Rh3 Kg6 49. Kc4 Rd2 50. Kc3 Rd7 
51. Rh1 Rd5 52. Rh3 Rc5+ 53. Kd2 Rd5+ 54. Kc3 Rd4 55. Rh4 Rf4 56. Rh3 e4 
57. fxe4 Rxg4 58. Kd3 Rg5 59. e5 Rxe5 60. Rh2 Re1 1/2-1/2

[Event "Saturday 21 April Rapid Engine Tour 12+1 Rounds 9 Starts 1600ST"]
[Site "Infinity Chess"]
[Date "2018.4.21"]
[Round "5"]
[White "MedusaV3"]
[Black "star99"]
[Result "1/2-1/2 "]
[ECO "E10"]
[WhiteElo "2396"]
[BlackElo "2466"]
[WhiteEngine "Eman 1.70-beta23 64-bit BMI2_CTG"]
[BlackEngine "Cryptic Heroes 9.4B"]
[EventType "Swiss"]
[WhiteTeam ""]
[BlackTeam ""]
[PlyCount "195"]
[TimeControl "720+1"]

1. d4 Nf6 2. c4 e6 3. Nf3 d5 4. g3 Be7 5. Bg2 O-O 6. O-O dxc4 7. Qc2 a6 
8. a4 Bd7 9. Qxc4 Bc6 10. Bg5 Bd5 11. Qd3 c5 12. dxc5 Nbd7 13. Nc3 Nxc5 
14. Qe3 Rc8 15. Rfd1 Re8 16. Rac1 h6 17. Bxf6 Bxf6 18. Ne5 Qe7 19. Bxd5 exd5 
20. Nxd5 Qxe5 21. Qxe5 Rxe5 22. Nxf6+ gxf6 23. b4 Rxe2 24. Rxc5 Rxc5 
25. bxc5 Rc2 26. Rd8+ Kg7 27. Rc8 b5 28. axb5 axb5 29. c6 b4 30. Kg2 b3 
31. Rb8 Rxc6 32. Rxb3 Rc4 33. Rb2 Kg6 34. f4 Rc3 35. Kh3 Rc6 36. Ra2 f5 
37. Kh4 Rc3 38. Ra6+ f6 39. Ra2 Rd3 40. Ra6 Rc3 41. Re6 Kf7 42. Rb6 Kg6 
43. Rb8 Rc2 44. h3 Rf2 45. Rc8 Rf3 46. Rc7 Ra3 47. Rd7 Rb3 48. Rd8 Rf3 
49. Rb8 Rf2 50. Rc8 Rf3 51. Rc1 Ra3 52. Rc2 Rf3 53. Rc1 Re3 54. Rc5 Ra3 
55. Rc7 Ra4 56. Rb7 Ra5 57. Rb6 Ra3 58. Rb8 Kf7 59. Rb7+ Kg6 60. Rc7 Rb3 
61. Rd7 Ra3 62. Rb7 Ra4 63. Rb1 Ra3 64. Rb7 Rf3 65. Rb4 Ra3 66. Rb5 Ra4 
67. Rb3 Rc4 68. Rb8 Ra4 69. Rb3 Ra6 70. Rb2 Ra4 71. Rc2 Ra5 72. Re2 Kf7 
73. Rf2 Kg6 74. Rb2 Ra3 75. Re2 Rf3 76. Re6 Ra3 77. Rd6 Rf3 78. Ra6 Re3 
79. Rd6 Kf7 80. Rd1 Kg6 81. Rd7 Rf3 82. Rd6 Rf1 83. Rb6 Ra1 84. Rb2 Rh1 
85. Ra2 Rc1 86. Rd2 Rc3 87. Rd6 Rf3 88. Rc6 Rf2 89. Rc3 Rg2 90. Rc8 Ra2 
91. Rg8+ Kf7 92. Rh8 Ra3 93. Rxh6 Ra8 94. Rh5 Kg6 95. g4 fxg4 96. Kxg4 f5+ 
97. Rxf5 Ra1 98. Rg5+ 1/2-1/2

[Event "Saturday 21 April Rapid Engine Tour 12+1 Rounds 9 Starts 1600ST"]
[Site "Infinity Chess"]
[Date "2018.4.21"]
[Round "5"]
[White "Katzenmaier"]
[Black "Gilgamesch"]
[Result "1/2-1/2"]
[ECO "D30"]
[WhiteElo "2497"]
[BlackElo "2467"]
[WhiteEngine "Raubfisch X38a."]
[BlackEngine "BrainFish_180408_x64_bmi2"]
[EventType "Swiss"]
[WhiteTeam ""]
[BlackTeam ""]
[PlyCount "68"]
[TimeControl "720+1"]

1. d4 d5 2. c4 e6 3. Nf3 Nf6 4. Nc3 c6 5. Bg5 h6 6. Bh4 dxc4 7. e4 g5 8. Bg3 b5 
9. Be2 Bb7 10. h4 g4 11. Ne5 Nbd7 12. Nxd7 Qxd7 13. Be5 Qe7 14. O-O Bg7 
15. Qc1 Rd8 16. Qf4 O-O 17. b3 c5 18. dxc5 b4 19. Bd6 Rxd6 20. cxd6 Qd8 
21. e5 Nd7 22. Ne4 Bxe5 23. Qxg4+ Kh8 24. Ng3 Qb6 25. Qh5 Kh7 26. Bf3 Bxa1 
27. Rxa1 c3 28. Be4+ Bxe4 29. Nxe4 Kg7 30. Re1 Qd4 31. Qg4+ Kh8 32. Qh5 Kg7 
33. Qg4+ Kh8 34. Qh5 Kg7 1/2-1/2

[Event "Saturday 21 April Rapid Engine Tour 12+1 Rounds 9 Starts 1600ST"]
[Site "Infinity Chess"]
[Date "2018.4.21"]
[Round "4"]
[White "angriff"]
[Black "Mr Aj"]
[Result "1-0"]
[ECO "C50"]
[WhiteElo "2370"]
[BlackElo "2451"]
[WhiteEngine "DracoREX 3.07 64BIT POPCNT_CTG"]
[BlackEngine "Houdini 6"]
[EventType "Swiss"]
[WhiteTeam ""]
[BlackTeam ""]
[PlyCount "209"]
[TimeControl "720+1"]

1. e4 e5 2. Nf3 Nc6 3. Bc4 Bc5 4. O-O Nf6 5. d3 d6 6. c3 a5 7. Bg5 Ba7 
8. Nbd2 h6 9. Bh4 g5 10. Bg3 O-O 11. Bb3 Be6 12. Re1 Bxb3 13. Qxb3 a4 
14. Qd1 Re8 15. h3 Qd7 16. Nf1 Bb6 17. Ne3 Bxe3 18. fxe3 Qe6 19. Nd2 Ne7 
20. Qe2 Nd7 21. Rf1 f5 22. exf5 Nxf5 23. Bh2 Rf8 24. e4 Nh4 25. d4 Ng6 
26. d5 Qe7 27. g3 Nf6 28. c4 Qd7 29. Kg2 h5 30. Rf5 Qg7 31. Kh1 Ne7 32. Rf2 Rf7 
33. Raf1 b6 34. Qe3 Raf8 35. Qa3 Ng6 36. Qxa4 h4 37. g4 Nf4 38. Qb3 Nd7 
39. Rf3 Rf6 40. Qa3 Re8 41. b4 Rff8 42. Qb3 Ra8 43. a4 Kh7 44. Qc2 Qg6 
45. Ra3 Kh6 46. Re1 Ra6 47. Bg1 Nf6 48. Kh2 Qf7 49. Rea1 Raa8 50. Qc3 Qh7 
51. Qe3 Qg7 52. Qf3 Ng6 53. Qd1 Qf7 54. Be3 Nf4 55. a5 bxa5 56. Rxa5 Rac8 
57. Qf3 Qg6 58. b5 Nd7 59. Qh1 Ne2 60. Qe1 Nd4 61. Qxh4+ Kg7 62. Qxg5 Rf2+ 
63. Kh1 Qxg5 64. Bxg5 Rh8 65. R1a3 Kg6 66. h4 Nf6 67. Rg3 Rxd2 68. Bxd2 Rxh4+ 
69. Kg2 Nxe4 70. Ra2 Nxg3 71. Kxg3 Rh1 72. Ba5 Rg1+ 73. Kf2 Rh1 74. Kg2 Rh7 
75. Kg3 Rg7 76. Rf2 Re7 77. Rf8 Nb3 78. Bb4 e4 79. b6 cxb6 80. Bxd6 Ra7 
81. Rc8 e3 82. Kf3 e2 83. Kxe2 Kg5 84. Kf3 Kg6 85. Ke3 Rh7 86. Bb4 Kg5 
87. d6 Na1 88. Rc7 Nc2+ 89. Ke4 Rh8 90. d7 Nxb4 91. Rc8 Na6 92. Rxh8 Nc5+ 
93. Kd4 Kf4 94. d8=Q Ne6+ 95. Kd5 Nxd8 96. Rxd8 Kg5 97. Rb8 b5 98. cxb5 Kf4 
99. b6 Ke3 100. Rh8 Kd3 101. b7 Kd2 102. b8=Q Kd3 103. Rh2 Kc3 104. Qb2+ Kd3 
105. Qd4# 1-0

[Event "Saturday 21 April Rapid Engine Tour 12+1 Rounds 9 Starts 1600ST"]
[Site "Infinity Chess"]
[Date "2018.4.21"]
[Round "4"]
[White "MiKachomiKa QueeN"]
[Black "SkyPilot"]
[Result "0-1"]
[ECO "C55"]
[WhiteElo "2414"]
[BlackElo "2462"]
[WhiteEngine "stockfish_18041819_x64_modern_CTG"]
[BlackEngine "stockfish_x64_bmi2_2018_04_07_CTG"]
[EventType "Swiss"]
[WhiteTeam ""]
[BlackTeam ""]
[PlyCount "180"]
[TimeControl "720+1"]

1. e4 e5 2. Nf3 Nc6 3. Bc4 Nf6 4. d3 Bc5 5. c3 d6 6. O-O a5 7. Bg5 Ba7 
8. Nbd2 h6 9. Bh4 g5 10. Bg3 O-O 11. Re1 Nh7 12. h3 g4 13. hxg4 Bxg4 14. Kh1 Qf6 
15. Nf1 Ng5 16. N1h2 Bh5 17. Bh4 Kg7 18. Qd2 Qf4 19. Qxf4 exf4 20. d4 f6 
21. Ng1 Ne7 22. f3 Be8 23. Bf2 Ng6 24. Bd3 b5 25. Nf1 a4 26. Nd2 h5 27. b3 a3 
28. b4 h4 29. Kh2 Bd7 30. Nh3 c6 31. Rac1 Rab8 32. Rg1 Rfd8 33. Bc2 Bb6 
34. Bb3 Re8 35. Rcd1 Red8 36. Rgf1 Rh8 37. Rc1 Bc7 38. Rg1 Rhd8 39. Rb1 Bb6 
40. Rgf1 Rh8 41. Rfe1 Rh5 42. Rg1 d5 43. Rbe1 Bc7 44. Bc2 Rg8 45. Bb3 Rd8 
46. Kh1 Bb8 47. Kh2 Bxh3 48. gxh3 dxe4 49. Rxe4 Nxe4 50. fxe4 Re8 51. Bd1 Rg5 
52. Bf3 Rg3 53. Rf1 Rd8 54. Be1 Kh6 55. Nb3 Re8 56. Nd2 Kg5 57. Bxg3 fxg3+ 
58. Kh1 Bf4 59. Nb3 Be3 60. Nc5 Nf4 61. Bg2 Bf2 62. Rd1 Nxg2 63. Kxg2 Kf4 
64. Rd3 Be3 65. Nd7 Kxe4 66. Rd1 Kf5 67. Re1 Ke6 68. Nc5+ Kd5 69. Kf3 Re7 
70. Re2 f5 71. Nd3 Bg5 72. Rxe7 Bxe7 73. Ne5 Bg5 74. Ke2 Bf6 75. Nd7 Bg7 
76. Nb8 Kc4 77. Nxc6 Kxc3 78. Ne7 Bxd4 79. Kf3 Kb2 80. Nxf5 Kxa2 81. Kg4 g2 
82. Kf3 g1=Q 83. Ke4 Kb2 84. Nxd4 a2 85. Nxb5 a1=Q 86. Nd4 Qa8+ 87. Ke5 Qg3+ 
88. Ke6 Qg6+ 89. Kd7 Qa7+ 90. Kd8 Qg8# 0-1

[Event "Saturday 21 April Rapid Engine Tour 12+1 Rounds 9 Starts 1600ST"]
[Site "Infinity Chess"]
[Date "2018.4.21"]
[Round "4"]
[White "Vimtiroba"]
[Black "Dovahkiin"]
[Result "1/2-1/2"]
[ECO "B90"]
[WhiteElo "2410"]
[BlackElo "2426"]
[WhiteEngine "AsmFish A12_CTG"]
[BlackEngine "BrainFish_180418_x64_modern_CTG"]
[EventType "Swiss"]
[WhiteTeam ""]
[BlackTeam ""]
[PlyCount "95"]
[TimeControl "720+1"]

1. e4 c5 2. Nf3 d6 3. d4 cxd4 4. Nxd4 Nf6 5. Nc3 a6 6. Be3 e5 7. Nb3 Be6 
8. f3 Be7 9. Qd2 O-O 10. O-O-O Nbd7 11. g4 b5 12. g5 b4 13. Ne2 Ne8 14. f4 a5 
15. f5 a4 16. Nbd4 exd4 17. Nxd4 b3 18. Kb1 bxc2+ 19. Nxc2 Bb3 20. axb3 axb3 
21. Na3 Ne5 22. h4 Ra4 23. Rh3 Qa8 24. Qd5 Rxa3 25. bxa3 Qxa3 26. Qd2 Nf6 
27. Bd4 Nfd7 28. Qb2 Qa8 29. Re3 Rb8 30. Rc1 Rb4 31. Bxe5 Nxe5 32. Rcc3 h6 
33. g6 fxg6 34. Rxb3 Rxb3 35. Qxb3+ Kh8 36. fxg6 Nxg6 37. Qd5 Qf8 38. Bc4 Bxh4 
39. Qf5 Qxf5 40. exf5 Ne5 41. Be6 g5 42. f6 g4 43. Re4 Bxf6 44. Bxg4 Nxg4 
45. Rxg4 Kh7 46. Ra4 h5 47. Kc2 Kg6 48. Ra6 1/2-1/2

[Event "Saturday 21 April Rapid Engine Tour 12+1 Rounds 9 Starts 1600ST"]
[Site "Infinity Chess"]
[Date "2018.4.21"]
[Round "4"]
[White "hafaba"]
[Black "Deep_Impact"]
[Result "1/2-1/2"]
[ECO "C50"]
[WhiteElo "2449"]
[BlackElo "2437"]
[WhiteEngine "Eman 1.70-beta21 64-bit POPCNT_CTG"]
[BlackEngine "BrainFish_180411_x64_bmi2"]
[EventType "Swiss"]
[WhiteTeam ""]
[BlackTeam ""]
[PlyCount "102"]
[TimeControl "720+1"]

1. e4 e5 2. Nf3 Nc6 3. Bc4 Bc5 4. O-O Nf6 5. d3 d6 6. c3 a5 7. Re1 Ba7 
8. Nbd2 O-O 9. h3 Be6 10. Bb5 Ne7 11. d4 Ng6 12. Ba4 Nh5 13. Nf1 exd4 
14. cxd4 Nhf4 15. Bc2 d5 16. Bxf4 Nxf4 17. e5 f6 18. Qd2 fxe5 19. Rxe5 Bd7 
20. Rae1 c6 21. N1h2 Bb8 22. R5e3 a4 23. Ne5 Bc7 24. Qd1 Ba5 25. Rf1 Bc7 
26. Nxd7 Qxd7 27. Nf3 g6 28. Ne5 Qg7 29. h4 Bb6 30. g3 Ne6 31. Nxc6 bxc6 
32. Rxe6 Qxd4 33. h5 Rxf2 34. Qxd4 Rxf1+ 35. Kxf1 Bxd4 36. hxg6 Rf8+ 
37. Ke1 hxg6 38. Bxa4 c5 39. Rxg6+ Kf7 40. Rd6 Rg8 41. Bc6 Rxg3 42. Bxd5+ Ke7 
43. Rb6 Rg5 44. Bc4 Rg2 45. Be2 c4 46. Rb7+ Kd6 47. Rb8 Kc7 48. Rb4 Kd6 
49. Rxc4 Bxb2 50. Bf3 Bc3+ 51. Rxc3 Rxa2 1/2-1/2

[Event "Saturday 21 April Rapid Engine Tour 12+1 Rounds 9 Starts 1600ST"]
[Site "Infinity Chess"]
[Date "2018.4.21"]
[Round "4"]
[White "IronMan"]
[Black "KhalidOmar"]
[Result "1/2-1/2"]
[ECO "A46"]
[WhiteElo "2450"]
[BlackElo "2448"]
[WhiteEngine "Eman 170b23-EXP2"]
[BlackEngine "Eman 1.70-beta24 64-bit BMI2"]
[EventType "Swiss"]
[WhiteTeam ""]
[BlackTeam ""]
[PlyCount "49"]
[TimeControl "720+1"]

1. d4 Nf6 2. Nf3 d5 3. c4 e6 4. Nc3 dxc4 5. e4 Bb4 6. Bg5 c5 7. Bxc4 cxd4 
8. Nxd4 Bxc3+ 9. bxc3 Qa5 10. Bxf6 Qxc3+ 11. Kf1 gxf6 12. Rc1 Qa5 13. g3 O-O 
14. Bb5 Bd7 15. Rb1 Rd8 16. Qg4+ Kf8 17. Kg2 Bxb5 18. Rxb5 Qa4 19. Nxe6+ fxe6 
20. Qxe6 Qxb5 21. Qxf6+ Ke8 22. Qe6+ Kf8 23. Qf6+ Ke8 24. Qe6+ Kf8 25. Qf6+ 
1/2-1/2

[Event "Saturday 21 April Rapid Engine Tour 12+1 Rounds 9 Starts 1600ST"]
[Site "Infinity Chess"]
[Date "2018.4.21"]
[Round "4"]
[White "Gilgamesch"]
[Black "ocirema"]
[Result "1-0"]
[ECO "C50"]
[WhiteElo "2451"]
[BlackElo "2450"]
[WhiteEngine "BrainFish_180408_x64_bmi2"]
[BlackEngine "asmFishW_2018-04-15_popcnt_CTG"]
[EventType "Swiss"]
[WhiteTeam ""]
[BlackTeam ""]
[PlyCount "181"]
[TimeControl "720+1"]

1. e4 e5 2. Nf3 Nc6 3. Bc4 Bc5 4. O-O d6 5. Re1 Nf6 6. c3 Bb6 7. d3 O-O 8. h3 h6 
9. b4 Ne7 10. Nbd2 a5 11. b5 Ng6 12. d4 Re8 13. Bd3 Be6 14. a4 c6 15. Nf1 Nh5 
16. Rb1 Nhf4 17. bxc6 bxc6 18. Bc2 exd4 19. cxd4 Rc8 20. Bxf4 Nxf4 21. Qd2 Nh5 
22. g4 Nf6 23. Ng3 Rb8 24. Kg2 Bc7 25. Rxb8 Bxb8 26. Qd3 Bc7 27. Rb1 Bc8 
28. Bb3 c5 29. d5 g6 30. Bc4 Qe7 31. Nd2 Nd7 32. Bb5 Rd8 33. f4 Nb6 34. Nf3 Kh7 
35. Qd2 Rh8 36. Re1 Qd8 37. Ne2 Rf8 38. Nc3 Kg7 39. Bc6 f6 40. Bb5 Nd7 
41. Ne2 Rg8 42. Ng3 Kh7 43. Nh4 Rg7 44. Qc2 Bb6 45. Qc3 c4 46. Qxc4 Ba7 
47. Rb1 Bb6 48. Qc2 Bc5 49. Bxd7 Bxd7 50. f5 g5 51. Ng6 Bd4 52. Qc4 Be5 
53. Nh5 Rf7 54. Rb7 Kg8 55. Qb3 Bc8 56. Qb6 Qxb6 57. Rxb6 Rb7 58. Rc6 Bd7 
59. Ra6 Be8 60. Rxa5 Kf7 61. Ra8 Rc7 62. a5 Bd4 63. Kf1 Bc5 64. a6 Bb6 
65. Rb8 Ba7 66. e5 dxe5 67. Nh8+ Ke7 68. d6+ Kxd6 69. Rxe8 Rc1+ 70. Ke2 Rc2+ 
71. Kd3 Rh2 72. Nf7+ Kc5 73. Nxf6 Rxh3+ 74. Ke4 h5 75. Nxh5 Kb5 76. Nxe5 Kxa6 
77. f6 Bc5 78. f7 Kb7 79. Kf5 Rh1 80. Kxg5 Ba3 81. Nc4 Bb4 82. Nf6 Rf1 
83. Rd8 Rc1 84. Nd6+ Bxd6 85. Rxd6 Rc5+ 86. Kg6 Rc8 87. Ne8 Rc4 88. f8=Q Rxg4+ 
89. Kf5 Rg7 90. Qxg7+ Kc8 91. Qc7# 1-0

[Event "Saturday 21 April Rapid Engine Tour 12+1 Rounds 9 Starts 1600ST"]
[Site "Infinity Chess"]
[Date "2018.4.21"]
[Round "4"]
[White "Thinker"]
[Black "Time_bandit"]
[Result "1/2-1/2"]
[ECO "C55"]
[WhiteElo "2449"]
[BlackElo "2459"]
[WhiteEngine "BrainFish_180411_x64_modern_CTG"]
[BlackEngine "asmFishW_2018-04-11_bmi2"]
[EventType "Swiss"]
[WhiteTeam ""]
[BlackTeam ""]
[PlyCount "109"]
[TimeControl "720+1"]

1. e4 e5 2. Nf3 Nc6 3. Bc4 Nf6 4. d3 Bc5 5. c3 d6 6. O-O a5 7. Re1 O-O 8. h3 h6 
9. Nbd2 Be6 10. b3 Bb6 11. a4 d5 12. Bb5 Ne7 13. exd5 Nfxd5 14. Qc2 c6 
15. Bc4 Ng6 16. d4 Ndf4 17. dxe5 Nh4 18. Bf1 Bd5 19. Re4 Nfg6 20. Bc4 Re8 
21. g3 Nxf3+ 22. Nxf3 Qd7 23. Bxd5 cxd5 24. Rg4 Qc6 25. Nd4 Bxd4 26. Rxd4 Nxe5 
27. Kg2 b5 28. axb5 Qxb5 29. Qd1 Qb7 30. Rxd5 a4 31. f3 Rac8 32. Bf4 Ng6 
33. Rxa4 Rxc3 34. Rd3 Rec8 35. Rxc3 Rxc3 36. Bd6 Rxb3 37. Ra8+ Qxa8 38. Qxb3 Qa6 
39. Bc5 h5 40. Bf2 h4 41. Qb8+ Kh7 42. gxh4 Qe2 43. Qb1 Kh6 44. Qc1+ Kh7 
45. Qg5 Ne5 46. Qe3 Qxe3 47. Bxe3 Kg6 48. f4 Nd3 49. Kf3 Kf5 50. h5 Ne1+ 
51. Ke2 Ng2 52. Kf3 Nxe3 53. Kxe3 g5 54. h4 gxf4+ 55. Ke2 1/2-1/2

[Event "Saturday 21 April Rapid Engine Tour 12+1 Rounds 9 Starts 1600ST"]
[Site "Infinity Chess"]
[Date "2018.4.21"]
[Round "4"]
[White "Marsell"]
[Black "Eman"]
[Result "1/2-1/2"]
[ECO "C55"]
[WhiteElo "2484"]
[BlackElo "2465"]
[WhiteEngine "BrainFish_180418_x64_bmi2"]
[BlackEngine "Eman 1.70-beta24 64-bit POPCNT"]
[EventType "Swiss"]
[WhiteTeam ""]
[BlackTeam ""]
[PlyCount "150"]
[TimeControl "720+1"]

1. e4 e5 2. Nf3 Nc6 3. Bc4 Nf6 4. d3 Bc5 5. c3 d6 6. O-O O-O 7. h3 a5 
8. Nbd2 Be6 9. Bb5 h6 10. Re1 Qb8 11. Nf1 Qa7 12. Be3 Bxe3 13. Nxe3 Ne7 
14. a4 Ng6 15. Bc4 Bxc4 16. Nxc4 Qa6 17. b3 Rfe8 18. Qc2 Qc6 19. d4 exd4 
20. Nxd4 Qc5 21. Re3 d5 22. exd5 Nxd5 23. Qf5 c6 24. Ree1 Rxe1+ 25. Rxe1 b5 
26. axb5 cxb5 27. Ne5 Nxe5 28. Rxe5 Rd8 29. Qf3 b4 30. Nf5 bxc3 31. Qg3 g6 
32. Ne7+ Kg7 33. Rxd5 Rxd5 34. Nxd5 Qxd5 35. Qxc3+ Kg8 36. h4 Qd8 37. g3 Qd5 
38. Qe3 Kg7 39. Qc3+ Kh7 40. Qe3 Qd1+ 41. Kg2 a4 42. bxa4 Qxa4 43. Kh2 Qd1 
44. Qe5 Qf3 45. Qc5 Qe4 46. Qb6 Qc4 47. Qf6 Qd5 48. Qe7 Qf5 49. Qa7 Qf3 
50. Qd4 g5 51. hxg5 hxg5 52. Qc5 Kg6 53. Kg1 g4 54. Qd4 f6 55. Qc4 Qd1+ 
56. Kh2 Qf3 57. Kg1 f5 58. Qg8+ Kh5 59. Qe8+ Kg5 60. Qh8 Qd1+ 61. Kh2 Kg6 
62. Qg8+ Kh6 63. Qh8+ Kg6 64. Kg2 Qd5+ 65. Kf1 Qd1+ 66. Kg2 Qe1 67. Qg8+ Kh6 
68. Qf7 Qe4+ 69. Kf1 Qb1+ 70. Ke2 Qc2+ 71. Kf1 Qb1+ 72. Ke2 Qb2+ 73. Ke1 Qc1+ 
74. Ke2 Qb2+ 75. Kf1 Qb1+ 1/2-1/2